details: 'learn english retard powerful man'

« prev index next »

General information

Mini Map

Players

team 1
OrcDive_ToMe (yellow | 74 APM | 1201 actions | 16:09)
Hero icon 2 Blademaster
Ability icon 1 Wind Walk
Ability icon 1 Critical Strike

» actions
Assign group hotkey29
Basic commands79
Build / train47
ESC pressed1
Enter build submenu15
Enter hero's abilities submenu2
Remove unit from queue1
Right click423
Select / deselect404
Select group hotkey168
Use ability32
1201 total
» units
Peon16
Grunt9
Demolisher3
28 total
» upgrades
Melee Weapons2
Armor2
Pillage1
Berserker Strength1
Ranged Weapons1
7 total
» buildings
Altar of Storms1
Orc Burrow6
Barracks2
War Mill1
Watch Tower2
Stronghold1
Voodoo Lounge1
Fortress1
15 total
» build order
00:03 Altar of Storms
00:06 Orc Burrow
00:31 Barracks
01:20 War Mill
02:46 Watch Tower
03:07 Watch Tower
03:29 Orc Burrow
04:59 Stronghold
05:01 Voodoo Lounge
05:02 Barracks
06:12 Orc Burrow
06:49 Orc Burrow
09:01 Orc Burrow
12:50 Orc Burrow
15:29 Fortress
» items
Healing Salve2
Scroll of Town Portal1
3 total
UndeadDive_toyou (red | 85 APM | 1370 actions | 16:09)
Hero icon 5 Death Knight
Ability icon 3 Death Coil
Ability icon 2 Unholy Aura

» actions
Assign group hotkey6
Basic commands147
Build / train58
Enter build submenu17
Enter hero's abilities submenu5
Give item / drop item2
Right click435
Select / deselect506
Select group hotkey173
Use ability20
1370 total
» units
Acolyte3
Ghoul12
Frost Wyrm6
21 total
» upgrades
Creature Attack3
Freezing Breath1
Creature Carapace1
5 total
» buildings
Crypt1
Ziggurat9
Altar of Darkness1
Tomb of Relics1
Graveyard1
Nerubian Tower1
Halls of the Dead5
Spirit Tower3
Sacrificial Pit1
Black Citadel2
Boneyard2
27 total
» build order
00:05 Crypt
00:10 Ziggurat
00:31 Altar of Darkness
00:46 Tomb of Relics
01:22 Ziggurat
01:54 Graveyard
02:36 Nerubian Tower
03:12 Halls of the Dead
03:12 Halls of the Dead
03:12 Halls of the Dead
03:13 Halls of the Dead
03:32 Spirit Tower
03:32 Spirit Tower
05:34 Sacrificial Pit
05:52 Black Citadel
06:08 Ziggurat
06:21 Ziggurat
08:13 Boneyard
08:14 Boneyard
08:16 Ziggurat
08:25 Ziggurat
10:47 Ziggurat
13:48 Ziggurat
15:15 Ziggurat
» items
Rod of Necromancy1
1 total
team 2
HumanC0ckHolster(SA) (orange | 11 APM | 185 actions | 16:09)
Hero icon 1 Blood Mage
Ability icon 1 Banish

» actions
Assign group hotkey1
Basic commands4
Build / train10
Enter build submenu7
Enter hero's abilities submenu1
Right click33
Select / deselect112
Use ability17
185 total
» units
Peasant8
8 total
» buildings
Altar of Kings1
Farm2
Lumber Mill1
Scout Tower2
6 total
» build order
00:10 Altar of Kings
00:43 Farm
01:05 Lumber Mill
01:16 Farm
01:57 Scout Tower
02:01 Scout Tower
OrcJOHN_MATHESON (blue | 63 APM | 1008 actions | 16:05)
Hero icon 1 Blademaster
Ability icon 1 Wind Walk

» actions
Basic commands23
Build / train25
Enter build submenu43
Enter hero's abilities submenu1
Remove unit from queue9
Right click551
Select / deselect288
Use ability68
1008 total
» units
Peon11
Demolisher3
14 total
» buildings
War Mill3
Altar of Storms1
Orc Burrow3
Watch Tower23
Barracks1
Voodoo Lounge1
Stronghold1
33 total
» build order
00:06 War Mill
00:25 Altar of Storms
00:39 Orc Burrow
01:37 Watch Tower
02:04 Watch Tower
04:05 Watch Tower
04:27 Watch Tower
04:41 Watch Tower
04:50 Watch Tower
04:54 Watch Tower
04:59 Watch Tower
05:06 Watch Tower
05:50 Watch Tower
05:55 Watch Tower
06:35 Barracks
06:47 Watch Tower
07:28 Watch Tower
08:07 Watch Tower
08:17 Voodoo Lounge
08:38 War Mill
08:53 Stronghold
09:50 Watch Tower
10:03 Watch Tower
10:55 Watch Tower
10:56 Watch Tower
10:57 Watch Tower
11:22 Orc Burrow
11:30 Orc Burrow
11:39 War Mill
12:52 Watch Tower
15:20 Watch Tower
15:24 Watch Tower
15:25 Watch Tower
» items
Healing Salve2
Lesser Clarity Potion4
Potion of Healing1
Potion of Mana1
8 total

Chat log

(00:19 / Allies) JOHN_MATHESON: tower there
(00:20 / Allies) C0ckHolster(SA): Damn, level 23.
(00:25 / Allies) C0ckHolster(SA): Ok.
(01:04 / Allies) JOHN_MATHESON: make a lumber mill
(01:09 / Allies) C0ckHolster(SA): On it

(02:21 / Allies) JOHN_MATHESON: faggot
(02:25 / Allies) C0ckHolster(SA): kablam
(02:27 / Allies) JOHN_MATHESON: I hate you tyler
(02:30 / Allies) C0ckHolster(SA): hahahahahhaha
(03:24 / Allies) JOHN_MATHESON: hahah
(03:25 / Allies) JOHN_MATHESON: you suck
(03:29 / Allies) C0ckHolster(SA): john matheson reduced to nothing but a pubbie
(04:02 / Allies) JOHN_MATHESON: im going to win this game 2v1
(04:04 / Allies) C0ckHolster(SA): ok
(04:11 / Allies) C0ckHolster(SA): i will watch
(04:15 / Allies) C0ckHolster(SA): good luck
(04:27 / All) Dive_toyou: wtf ??
(04:45 / All) C0ckHolster(SA): i will be shoutcasting this game
(04:55 / All) Dive_toyou: u good
(05:06 / All) C0ckHolster(SA): currently J_M in the blue only has 650 gold
(05:10 / All) C0ckHolster(SA): no barracks or anything
(05:18 / All) C0ckHolster(SA): just hit hard soon and the game should go to team 2...
(05:20 / All) Dive_toyou: why u kill him ?
(05:30 / All) C0ckHolster(SA): because it's easy
(06:07 / All) C0ckHolster(SA): more towers going up at the choke outside blue's base
(06:16 / All) Dive_toyou: shut up
(06:25 / All) JOHN_MATHESON: manner up oj
(06:36 / Allies) C0ckHolster(SA): ?????????????????????????????
(06:40 / All) Dive_ToMe: ㅋㅋㅋㅋㅋㅋㅋㅋㅋ
(06:46 / Allies) C0ckHolster(SA): ¿¿¿¿¿¿¿¿¿¿¿¿¿¿¿
(07:18 / All) C0ckHolster(SA): i wonder if team2 knows they could just go straight through the trees with siege and avoid the towers entirely . . . ?
(07:27 / All) C0ckHolster(SA): a barracks going up for blue
(07:42 / All) Dive_ToMe: I like combat
(07:58 / All) C0ckHolster(SA): blue creeping the green by his base
(08:18 / All) Dive_ToMe: Thank you my spy
(08:42 / All) C0ckHolster(SA): starts putting up towers in his base... maybe afraid of a deforestation attack?
(09:12 / All) Dive_ToMe: Don'y worry buddy
(09:14 / Allies) JOHN_MATHESON: tyler you're an evil person
(09:21 / Allies) C0ckHolster(SA): ??????????????????????????????????????????????????????????
(10:02 / All) C0ckHolster(SA): blademaster chilling in wind walk
(10:07 / All) C0ckHolster(SA): right by yellow's forces...
(11:02 / All) C0ckHolster(SA): blue is teching to tier2 now
(11:03 / All) Dive_ToMe: Oh gg
(11:14 / All) Dive_ToMe: I can't win him
(11:17 / All) C0ckHolster(SA): putting up more towers
(11:22 / All) Dive_toyou: god bless u oj

(14:15 / Allies) C0ckHolster(SA): haveing trouble i se............
(15:03 / Allies) JOHN_MATHESON: I'm voming to your has with bats
(15:09 / Allies) JOHN_MATHESON: coming*
(15:10 / Allies) C0ckHolster(SA): ????????????????????????????????????
(15:41 / All) C0ckHolster(SA): things look dire for blue...
(16:08 / All) C0ckHolster(SA): GG